 Dungeon Crawl Stone Soup version 0.26.1-2-gb8aa6d0cf2 (webtiles) character file.

Game seed: 7949162026344491609

28 Gadfly the Ruffian (level 2, -2/23 HPs)
             Began as a Draconian Transmuter on Feb 21, 2021.
             Slain by a gnoll (4 damage)
             ... on level 1 of the Dungeon.
             The game lasted 00:03:09 (1189 turns).

Gadfly the Ruffian (Draconian Transmuter)           Turns: 1189, Time: 00:03:10

Health: -2/23      AC:  4    Str: 12    XL:     2   Next: 96%
Magic:  4/5        EV: 12    Int: 19    God:
Gold:   195        SH:  0    Dex: 11    Spells: 2/5 levels left

rFire    . . .     SeeInvis .     - Unarmed
rCold    . . .     Faith    .   (no shield)
rNeg     . . .     Spirit   .   (armour unavailable)
rPois    .         Reflect  .   (helmet currently unavailable)
rElec    .         Harm     .   (no cloak)
rCorr    .         Rampage  .   (no gloves)
Will     .....                  (boots currently unavailable)
Stlth    +.........             (no amulet)
HPRegen  0.07/turn              e - +6 ring of intelligence
MPRegen  0.09/turn              (no ring)

@: appendages
A: unfitting armour, horns 2, talons 2, cold-blooded, AC +4
a: End Transformation


You were on level 1 of the Dungeon.
You had grown temporary horns.
You had grown temporary talons.
You visited 1 branch of the dungeon, and saw 2 of its levels.

You collected 195 gold pieces.

Inventory:

Armour
 a - a +0 pair of boots (melded)
Jewellery
 e - a +6 ring of intelligence (left hand)
 i - a cursed ring of teleportation {unknown}
Scrolls
 h - 2 scrolls of teleportation
Potions
 b - a potion of attraction
 g - a potion of heal wounds


   Skills:
 + Level 1.5 Fighting
 + Level 2.0 Dodging
 * Level 3.3 Unarmed Combat
 + Level 2.2 Spellcasting
 + Level 2.2 Transmutations
 + Level 0.6 Evocations


You had 2 spell levels left.
You knew the following spells:

 Your Spells              Type           Power        Failure   Level
a - Beastly Appendage     Tmut           20%          7%          1
b - Wereblood             Tmut           10%          10%         2

Your spell library contained the following spells:

 Spells                   Type           Power        Failure   Level
 Spider Form              Tmut/Pois      3%           32%         3
 Ice Form                 Ice/Tmut       6%           71%         4
 Blade Hands              Tmut           5%           88%         5


Dungeon Overview and Level Annotations

Branches:
Dungeon (2/15)

Altars:


Innate Abilities, Weirdness & Mutations

Your plain brown scales are hard. (AC +4)
You cannot fit into any form of body armour.
You are cold-blooded and may be slowed by cold attacks.
You have a pair of horns on your head.
You have razor-sharp toenails.


Message History

You are too injured to fight recklessly!
You are too injured to fight recklessly!
You are too injured to fight recklessly!
You are too injured to fight recklessly!
You are too injured to fight recklessly!
You are too injured to fight recklessly!
You are too injured to fight recklessly!
You are too injured to fight recklessly!
You hit the gnoll. Your headbutt misses the gnoll.
The gnoll is heavily wounded.
The gnoll misses you.
You hit the gnoll. You claw the gnoll, but do no damage.
The gnoll is heavily wounded.
The gnoll hits you.
* * * LOW HITPOINT WARNING * * *
You closely miss the gnoll. You claw the gnoll, but do no damage.
You headbutt the gnoll, but do no damage.
The gnoll is heavily wounded.
The gnoll hits you.
You die...

#..##.# #.#####.###
#..##.########.#####.#
#..##................#
#..###########.####### #..#
##.## #..# ##...#############
#..#########...........#.....
#............g....####.#.####
######>#####@^...#####.#.#
##.# ##........#.).#### #..#
##.#####.....(... #.## ###
###.#.#### #.# #.#.# #.#
#.#.# #.# #.#.# #.#
#####...#### #.#
######...........


You could see a gnoll.

Vanquished Creatures
  An ooze (D:1)
  2 dart slugs (D:1)
  A leopard gecko (D:1)
  A giant cockroach (D:1)
  4 hobgoblins (D:1)
  2 kobolds (D:1)
  3 bats (D:1)
  2 frilled lizards (D:1)
  2 goblins (D:1)
  A rat (D:1)
19 creatures vanquished.

Vanquished Creatures (others)
  2 fungi (D:1)
  4 toadstools (D:1)
6 creatures vanquished.

Grand Total: 25 creatures vanquished

Notes
Turn   | Place    | Note
-------+----------+-------------------------------------------
     0 | D:1      | Gadfly the Draconian Transmuter began the quest for the
                  | Orb.
     0 | D:1      | Reached XP level 1. HP: 16/16 MP: 3/3
   451 | D:1      | Reached XP level 2. HP: 23/23 MP: 3/5
   481 | D:1      | Learned a level 2 spell: Wereblood
  1189 | D:1      | Slain by a gnoll

Illustrated notes

Levels and vault maps discovered:
D:1:      ncdulo_wetmaze, layout_loops_ring, minmay_gold_behind_fungi
D:2:      layout_basic, kennysheep_generic_room_4

Skill      XL: |  1  2 |
---------------+-------+-----
Dodging        | 2 |  2.0
Fighting       | |  1.5
Unarmed Combat | |  3.3
Spellcasting   | |  2.2
Transmutations | |  2.2
Evocations     | |  0.6

Action                   || total
-------------------------++-------
Melee: Unarmed           ||    65
       Kick              ||    12
       Tailslap          ||     5
       Headbutt          ||    10
 Cast: Beastly Appendage ||    18
  Use: Scroll            ||     5
 Stab: Sleeping          ||     1
Armor: Skin              ||    14
Dodge: Dodged            ||    22
